Workbook
Name Auxiliar: #REF!
Name Auxiliar: #REF!
Name Auxiliar: #REF!
Name Auxiliar: #REF!
Name CUSTO_VALE_TRANSPORTE: #REF!
Name CUSTO_VALE_TRANSPORTE: #REF!
Name CUSTO_VALE_TRANSPORTE: #REF!
Name CUSTO_VALE_TRANSPORTE: #REF!
Name ecwece4c: #REF!
Name ecwece4c: #REF!
Name ecwece4c: #REF!
Name ecwece4c: #REF!
Name MOMB4: '[1]SERVENTE MANUTENCAO'!$I$144
Name MONA1: #REF!
Name MONA1: #REF!
Name MONA1: #REF!
Name MONA1: #REF!
Name MONA2: #REF!
Name MONA2: #REF!
Name MONA2: #REF!
Name MONA2: #REF!
Name MONA3: [2]HIDRAULICO!$I$138
Name MONA4: '[2]SERVENTE (AUX PRODUCAO)'!$I$138
Name MONA5: #REF!
Name MONA5: #REF!
Name MONA5: #REF!
Name MONA5: #REF!
Name MONA6: #REF!
Name MONA6: #REF!
Name MONA6: #REF!
Name MONA6: #REF!
Name MONA7: #REF!
Name MONA7: #REF!
Name MONA7: #REF!
Name MONA7: #REF!
Name MONA8: [2]MECANICO_REFRIGERACAO!$I$138
Name MONB1: #REF!
Name MONB1: #REF!
Name MONB1: #REF!
Name MONB1: #REF!
Name MONB2: #REF!
Name MONB2: #REF!
Name MONB2: #REF!
Name MONB2: #REF!
Name MONB3: [2]HIDRAULICO!$I$144
Name MONB4: '[2]SERVENTE (AUX PRODUCAO)'!$I$144
Name MONB5: #REF!
Name MONB5: #REF!
Name MONB5: #REF!
Name MONB5: #REF!
Name MONB6: #REF!
Name MONB6: #REF!
Name MONB6: #REF!
Name MONB6: #REF!
Name MONB7: #REF!
Name MONB7: #REF!
Name MONB7: #REF!
Name MONB7: #REF!
Name MONB8: [2]MECANICO_REFRIGERACAO!$I$144
Name MONC1: #REF!

Sheet Manutencao Gravatai
A1: PLANILHA DE CUSTOS E FORMAÇÃO DE PREÇOS DE SERVIÇOS CONTINUADOS COM DEDICAÇÃO EXCLUSIVA DE MÃO DE OBRA (ANEXO III - DECRETO 52.768 de 15.12.2015)
A2: PROCESSO: | C2: 25/1204-0007566-8 | E2: REGIME DE TRIBUTAÇÃO: LUCRO REAL
A3: LICITAÇÃO/EDITAL | E3: ABERTURA:
A5: Cargo/Função: | D5: Oficial de Manutenção Predial | G5: =IF(D6="12x36","Regime de trabalho:","Quantidade de HORAS/MÊS") -> Quantidade de HORAS/MÊS | I5: =IF(D6="12x36",D6,5*D6) -> 150
A6: =IF(D6="12x36","Regime de trabalho:","Regime de trabalho (horas semanais):") -> Regime de trabalho (horas semanais): | D6: 30
A7: Convenção Coletiva de Trabalho: | D7: RS000041/2026 | G7: INSALUBRIDADE (10%, 20%, 40%) | I7: 0.2
A8: Origem do salário: | D8: CCT
A9: Cidade: | D9: Gravataí | G9: PERICULOSIDADE (30%) | I9: Não aplicável
A10: Salário Normativo | G10: Vlr. do salário e nº de horas correspondentes | H10: 220 | I10: 1765.86
A11: ISS | G11: =D9 -> Gravataí | H11: Alíquota | I11: 0.03
A12: Tarifa Transporte | G12: CCT | H12: Vr. Unitário | I12: 7.4
H13: Dias | I13: 22
H14: Desconto | I14: 0.06
A15: Auxílio Alimentação | G15: CCT | H15: Vr. Unitário | I15: 0
H16: Dias | I16: 0
H17: Desconto | I17: 0
A18: Auxílio Lanche | G18: CCT | H18: Vr. Unitário | I18: 13.57
H19: Dias | I19: 22
H20: Desconto | I20: 0.19
A21: Prêmio Assiduidade (quando houver) | G21: CCT | H21: Valor mensal | I21: 40
A22: Plano de Benefício Social Familiar (apenas para a CCT SEEAC/SINDASSEIO) | G22: CCT | H22: Valor mensal | I22: 25.52
A23: Outros benefícios que refletem na planilha de custos, caso constem na CCT | G23: CCT | H23: Valor mensal | I23: Não aplicável
A24: Adicional de Supervisor (37%) | H24: Porcentagem | I24: Não aplicável
A25: Base de cálculo da insalubridade | H25: Valor | I25: =I10 -> 1765.86
A26: Quantitativo de horas trabalhadas em feriados no mês (estimado) - Não aplicável para postos 12x36 | H26: Horas por mês | I26: Não aplicável
H27: Acréscimo da hora extra | I27: Não aplicável
A28: Hora Intervalar (somente para postos 12x36, quando for o caso) | H28: Horas por mês | I28: Não aplicável
A29: Sem fornecimento de materiais ou apenas fornecimento de EPIs ou uniformes, utilizar 10%. Com fornecimento de materiais ou equipamentos, utilizar 20%. (Decreto 52.768/2015, alterado pelo Decreto 53.424/2017) | H29: Porcentagem | I29: 0.2
I30: Não aplicável
A36: MONTANTE A
A37: I | B37: Remuneração - Grupo I | H37: % | I37: Valor Mensal/unidade de serviço (R$)
A38: 1 | B38: Salário | H38: =I38/$I$46 -> 0.77319588 | I38: =IF(D6="12x36",I10,I10/H10*I5) -> 1203.9955
A39: =A38+1 -> 2 | B39: Adicional Periculosidade 30% (Ver súmulas 364, 132 e 191 do TST) | H39: =I39/$I$46 -> 0 | I39: =IF(I9=30%,I38*I9,0) -> 0
A40: =A39+1 -> 3 | B40: Adicional Insalubridade 10% (Ver súmula 228 e 139 TST) | H40: =I40/$I$46 -> 0 | I40: =IF(I7=10%,I25*I7,0) -> 0
A41: =A40+1 -> 4 | B41: Adicional Insalubridade 20% (Ver súmula 228 e 139 TST) | H41: =I41/$I$46 -> 0.22680412 | I41: =IF(I7=20%,I25*I7,0) -> 353.172
A42: =A41+1 -> 5 | B42: Adicional Insalubridade 40% (Ver súmula 228 e 139 TST) | H42: =I42/$I$46 -> 0 | I42: =IF(I7=40%,I25*I7,0) -> 0
A43: =A42+1 -> 6 | B43: Adicional de Supervisor (IN 05/2017 MPOG SLTI) | H43: =I43/$I$46 -> 0 | I43: =IF(I24="Não aplicável",0,I38*I24) -> 0
A44: =A43+1 -> 7 | B44: Feriados | H44: =I44/$I$46 -> 0 | I44: =IF(I26="Não aplicável",0,(I38+I39+I40+I41+I42+I43)/I5*I26*(1+I27)) -> 0
A45: =A44+1 -> 8 | B45: DSR = número total das horas extras do mês / número de dias úteis X domingos e feriados do mês X valor da hora extra com acréscimo | H45: =I45/$I$46 -> 0 | I45: =IF(I26="Não aplicável",0,I26/I13*5*(I10/H10*(1+I27))) -> 0
A46: Total de Remuneração | H46: =SUM(H38:H45) -> 1 | I46: =SUM(I38:I45) -> 1557.1675
A57: II | B57: Encargos Sociais - Grupo II: Obrigações Sociais | H57: % | I57: Valor Mensal/unidade de serviço (R$)
A58: 1 | B58: INSS (art. 22, inc. I, Lei nº 8.212/91) | H58: 0.2 | I58: =$I$46*H58 -> 311.43349
A59: 2 | B59: SESI ou SESC (art. 30, Lei nº 8.036/90) | H59: 0.015 | I59: =$I$46*H59 -> 23.357512
A60: 3 | B60: SENAI ou SENAC (Decreto-Lei nº 2.318/86) | H60: 0.01 | I60: =$I$46*H60 -> 15.571675
A61: 4 | B61: INCRA (art. 15I, Lei Complementar nº 011/71) | H61: 0.002 | I61: =$I$46*H61 -> 3.1143349
A62: 5 | B62: SALÁRIO EDUCAÇÃO (art. , inc. I, Decreto nº 87.043/82) | H62: 0.025 | I62: =$I$46*H62 -> 38.929186
A63: 6 | B63: FGTS (art. 15, Lei nº 8.036/90) | H63: 0.08 | I63: =$I$46*H63 -> 124.5734
A64: 7 | B64: SEG. ACIDENTE DO TRABALHO 1%, 2% e 3% (art. 22, inc. II, alíneas "b" e "c", da Lei nº 8.212/91) | H64: 0.03 | I64: =$I$46*H64 -> 46.715024
A65: 8 | B65: SEBRAE (§ 3º, art. 8º, Lei nº 8.029/90) | H65: 0.006 | I65: =$I$46*H65 -> 9.3430047
A66: Total do Grupo II | H66: =SUM(H58:H65) -> 0.368 | I66: =SUM(I58:I65) -> 573.03762
A67: Os percentuais para o SAT podem variar de 0,50% a 6,00% em função do Fator de Acidente Previdenciário (FAP), Decreto nº 6.957/2009
A68: Deverá obrigatoriamente acompanhar a proposta de preços e a planilha de custos e formação de preços a prova do Fator Acidentário de Prevenção – FAP por meio de impressão de consulta ao site do Ministério da Previdência Social (que pode ser obtido no endereço eletrônico http://www2.dataprev.gov.br/fap/fap.htm), independentemente de alteração da alíquota da parcela do Seguro Acidente de Trabalho disposta no Quadro II da referida planilha.
A69: III | B69: Encargos Sociais - Grupo III: Tempo Não Trabalhado | H69: % | I69: Valor Mensal/unidade de serviço (R$)
A70: 1 | B70: FÉRIAS GOZADAS + ADICIONAL DE FÉRIAS | H70: 0.119314 | I70: =$I$46*H70 -> 185.79188
A71: 2 | B71: FALTAS ABONADAS (3) | H71: 0.020479 | I71: =$I$46*H71 -> 31.889232
A72: 3 | B72: FALTAS LEGAIS (4) | H72: 0.012123 | I72: =$I$46*H72 -> 18.877541
A73: 4 | B73: LICENÇA MATERNIDADE | H73: 0.011436 | I73: =$I$46*H73 -> 17.807767
A74: 5 | B74: LICENÇA PATERNIDADE | H74: 0.000174 | I74: =$I$46*H74 -> 0.27094714
A75: 6 | B75: ACIDENTE DE TRABALHO | H75: 0.000442 | I75: =$I$46*H75 -> 0.68826801
A76: 7 | B76: AVISO PRÉVIO TRABALHADO | H76: 0.000185 | I76: =$I$46*H76 -> 0.28807598
A77: 8 | B77: 13º SALÁRIO | H77: 0.09079 | I77: =$I$46*H77 -> 141.37523
A78: Total do Grupo III | H78: =SUM(H70:H77) -> 0.254943 | I78: =SUM(I70:I77) -> 396.98894
A79: (3) | B79: Faltas Justificadas por Auxílio Doença
A80: (4) | B80: Faltas Legais - Art. 473 CLT
A81: IV | B81: Encargos Sociais - Grupo IV: Indenizações | H81: % | I81: Valor Mensal/unidade de serviço (R$)
A82: 1 | B82: INDENIZAÇÕES | H82: 0.048321 | I82: =$I$46*H82 -> 75.243889
A83: 2 | B83: FGTS SOBRE INDENIZAÇÕES | H83: 0.003511 | I83: =$I$46*H83 -> 5.4672149
A84: 3 | B84: INDENIZAÇÃO COMPENSATÓRIA POR DEMISSÃO SEM JUSTA CAUSA | H84: 0.019328 | I84: =$I$46*H84 -> 30.096933
A85: Total do Grupo IV | H85: =SUM(H82:H84) -> 0.07116 | I85: =SUM(I82:I84) -> 110.80804
A87: V | B87: Encargos Sociais - Grupo V: Incidências | H87: % | I87: Valor Mensal/unidade de serviço (R$)
A88: 1 | B88: INCIDÊNCIA GRUPO II (Obrigações Sociais) X GRUPO III (Tempo Não Trabalhado) | H88: =(H66*H78) -> 0.093819024 | I88: =$I$46*H88 -> 146.09193
A89: Total do Grupo V | H89: =SUM(H88:H88) -> 0.093819024 | I89: =I88 -> 146.09193
A91: TOTAL DOS ENCARGOS SOCIAIS (II + III + IV + V) | H91: =H66+H78+H85+H89 -> 0.78792202 | I91: =I66+I78+I85+I89 -> 1226.9265
A93: VI | B93: Demais custos relativos à Norma Coletiva ou Disposições Legais - Grupo VI | H93: % | I93: Valor Mensal/unidade de serviço (R$)
A94: 1 | B94: Auxílio Alimentação | H94: =I94/$I$46 -> 0 | I94: =I114 -> 0
A95: =A94+1 -> 2 | B95: Auxílio Lanche | H95: =I95/$I$46 -> 0.15529312 | I95: =I110 -> 241.8174
A96: =A95+1 -> 3 | B96: Plano de Saúde | H96: =I96/$I$46 -> 0 | I96: 0
A97: =A96+1 -> 4 | B97: Vale-Transporte⁽⁵⁾ | H97: =I97/$I$46 -> 0.16270586 | I97: =I106 -> 253.36027
A98: =A97+1 -> 5 | B98: Adicional Intervalar | H98: =I98/$I$46 -> 0 | I98: =IF(I28="Não aplicável",0,((I10/H10)*1.5*I28)) -> 0
A99: 6 | B99: Prêmio Assiduidade (quando houver) | H99: =I99/$I$46 -> 0.025687668 | I99: =IF(I21="Não aplicável",0,I21) -> 40
A100: 7 | B100: Plano de Benefício Social Familiar (apenas para a CCT SEEAC/SINDASSEIO) | H100: =I100/$I$46 -> 0.016388732 | I100: =IF(I22="Não aplicável",0,I22) -> 25.52
A101: 8 | B101: Outros | H101: =I101/$I$46 -> 0 | I101: =IF(I23="Não aplicável",0,I23) -> 0
A102: Total do Grupo VI | H102: =SUM(H94:H101) -> 0.36007539 | I102: =SUM(I94:I101) -> 560.69767
A103: (5) | B103: O valor do vale-transporte pode variar de acordo com o modal fornecido pelo empregador.
A104: MEMÓRIA DE CÁLCULO DO VALE TRANSPORTE
A105: Valor Unitário | C105: Dias de Trabalho | D105: Vale p/dia | E105: Custo total | F105: Base de cálculo | G105: Percentual de desconto | H105: Valor desconto | I105: Custo efetivo
A106: =IF(I12="Não aplicável",0,I12) -> 7.4 | C106: =IF(I13="Não aplicável",0,I13) -> 22 | D106: 2 | E106: =A106*C106*D106 -> 325.6 | F106: =I38 -> 1203.9955 | G106: =IF(I14="Não aplicável",0,I14) -> 0.06 | H106: =F106*G106 -> 72.239727 | I106: =IF((E106-H106)>0,E106-H106,0) -> 253.36027
A108: MEMÓRIA DE CÁLCULO DO VALE LANCHE
A109: Valor Unitário | C109: Dias por mês | D109: Vale p/dia | E109: Custo total | F109: Base de cálculo | G109: Percentual de desconto | H109: Valor desconto | I109: Custo efetivo
A110: =IF(I18="Não aplicável",0,I18) -> 13.57 | C110: =IF(I19="Não aplicável",0,I19) -> 22 | D110: 1 | E110: =A110*C110*D110 -> 298.54 | F110: =E110 -> 298.54 | G110: =IF(I20="Não aplicável",0,I20) -> 0.19 | H110: =F110*G110 -> 56.7226 | I110: =E110-H110 -> 241.8174
A112: MEMÓRIA DE CÁLCULO DO | F112: =A15 -> Auxílio Alimentação
A113: Valor Unitário | C113: Dias por mês | D113: Vale p/dia | E113: Custo total | F113: Base de cálculo | G113: Percentual de desconto | H113: =H105 -> Valor desconto | I113: Custo efetivo
A114: =IF(I15="Não aplicável",0,I15) -> 0 | C114: =IF(I16="Não aplicável",0,I16) -> 0 | D114: 1 | E114: =A114*C114*D114 -> 0 | F114: =E114 -> 0 | G114: =IF(I17="Não aplicável",0,I17) -> 0 | H114: =F114*G114 -> 0 | I114: =E114-H114 -> 0
A116: TOTAL DO MONTANTE A (I + II + III+ IV + V +VI) | H116: =H46+H91+H102 -> 2.1479974 | I116: =I46+I91+I102 -> 3344.7917
A118: MONTANTE B
A119: I | B119: Despesas Diretas | H119: % | I119: Valor Mensal/unidade de serviço (R$)
A120: 1 | B120: Transporte (6) | H120: =I120/$I$131 -> 0 | I120: 0
A121: 2 | B121: Uniformes/EPI (6a) | H121: =I121/$I$131 -> 0 | I121: =IF(F129=10%,G129,0) -> 0
A122: 3 | B122: Seguro de vida | H122: =I122/$I$131 -> 0 | I122: 0
A123: 4 | B123: Materiais/Equipamentos | H123: =I123/$I$131 -> 0 | I123: 0
...

Sheet Manutencao Canoas
A1: PLANILHA DE CUSTOS E FORMAÇÃO DE PREÇOS DE SERVIÇOS CONTINUADOS COM DEDICAÇÃO EXCLUSIVA DE MÃO DE OBRA (ANEXO III - DECRETO 52.768 de 15.12.2015)
A2: PROCESSO: | C2: 25/1204-0007566-8 | E2: REGIME DE TRIBUTAÇÃO: LUCRO REAL
A3: LICITAÇÃO/EDITAL | E3: ABERTURA:
A5: Cargo/Função: | D5: Oficial de Manutenção Predial | G5: =IF(D6="12x36","Regime de trabalho:","Quantidade de HORAS/MÊS") -> Quantidade de HORAS/MÊS | I5: =IF(D6="12x36",D6,5*D6) -> 150
A6: =IF(D6="12x36","Regime de trabalho:","Regime de trabalho (horas semanais):") -> Regime de trabalho (horas semanais): | D6: 30
A7: Convenção Coletiva de Trabalho: | D7: RS000041/2026 | G7: INSALUBRIDADE (10%, 20%, 40%) | I7: 0.2
A8: Origem do salário: | D8: CCT
A9: Cidade: | D9: Canoas | G9: PERICULOSIDADE (30%) | I9: Não aplicável
A10: Salário Normativo | G10: Vlr. do salário e nº de horas correspondentes | H10: 220 | I10: 1765.86
A11: ISS | G11: =D9 -> Canoas | H11: Alíquota | I11: 0.05
A12: Tarifa Transporte* Obs* Em Canoas o vale tranporte está isento até o dia 28/02/2026 (Decreto nº 402/2025), utilizamos o valor subsidiado pela Prefeitura como base de custo (Art. 3º Decreto nº 68, de 10 de março de 2025) | G12: CCT | H12: Vr. Unitário | I12: 5.5
H13: Dias | I13: 22
H14: Desconto | I14: 0.06
A15: Auxílio Alimentação | G15: CCT | H15: Vr. Unitário | I15: 0
H16: Dias | I16: 0
H17: Desconto | I17: 0
A18: Auxílio Lanche | G18: CCT | H18: Vr. Unitário | I18: 13.57
H19: Dias | I19: 22
H20: Desconto | I20: 0.19
A21: Prêmio Assiduidade (quando houver) | G21: CCT | H21: Valor mensal | I21: 40
A22: Plano de Benefício Social Familiar (apenas para a CCT SEEAC/SINDASSEIO) | G22: CCT | H22: Valor mensal | I22: 25.52
A23: Outros benefícios que refletem na planilha de custos, caso constem na CCT | G23: CCT | H23: Valor mensal | I23: Não aplicável
A24: Adicional de Supervisor (37%) | H24: Porcentagem | I24: Não aplicável
A25: Base de cálculo da insalubridade | H25: Valor | I25: =I10 -> 1765.86
A26: Quantitativo de horas trabalhadas em feriados no mês (estimado) - Não aplicável para postos 12x36 | H26: Horas por mês | I26: Não aplicável
H27: Acréscimo da hora extra | I27: Não aplicável
A28: Hora Intervalar (somente para postos 12x36, quando for o caso) | H28: Horas por mês | I28: Não aplicável
A29: Sem fornecimento de materiais ou apenas fornecimento de EPIs ou uniformes, utilizar 10%. Com fornecimento de materiais ou equipamentos, utilizar 20%. (Decreto 52.768/2015, alterado pelo Decreto 53.424/2017) | H29: Porcentagem | I29: 0.2
I30: Não aplicável
A36: MONTANTE A
A37: I | B37: Remuneração - Grupo I | H37: % | I37: Valor Mensal/unidade de serviço (R$)
A38: 1 | B38: Salário | H38: =I38/$I$46 -> 0.77319588 | I38: =IF(D6="12x36",I10,I10/H10*I5) -> 1203.9955
A39: =A38+1 -> 2 | B39: Adicional Periculosidade 30% (Ver súmulas 364, 132 e 191 do TST) | H39: =I39/$I$46 -> 0 | I39: =IF(I9=30%,I38*I9,0) -> 0
A40: =A39+1 -> 3 | B40: Adicional Insalubridade 10% (Ver súmula 228 e 139 TST) | H40: =I40/$I$46 -> 0 | I40: =IF(I7=10%,I25*I7,0) -> 0
A41: =A40+1 -> 4 | B41: Adicional Insalubridade 20% (Ver súmula 228 e 139 TST) | H41: =I41/$I$46 -> 0.22680412 | I41: =IF(I7=20%,I25*I7,0) -> 353.172
A42: =A41+1 -> 5 | B42: Adicional Insalubridade 40% (Ver súmula 228 e 139 TST) | H42: =I42/$I$46 -> 0 | I42: =IF(I7=40%,I25*I7,0) -> 0
A43: =A42+1 -> 6 | B43: Adicional de Supervisor (IN 05/2017 MPOG SLTI) | H43: =I43/$I$46 -> 0 | I43: =IF(I24="Não aplicável",0,I38*I24) -> 0
A44: =A43+1 -> 7 | B44: Feriados | H44: =I44/$I$46 -> 0 | I44: =IF(I26="Não aplicável",0,(I38+I39+I40+I41+I42+I43)/I5*I26*(1+I27)) -> 0
A45: =A44+1 -> 8 | B45: DSR = número total das horas extras do mês / número de dias úteis X domingos e feriados do mês X valor da hora extra com acréscimo | H45: =I45/$I$46 -> 0 | I45: =IF(I26="Não aplicável",0,I26/I13*5*(I10/H10*(1+I27))) -> 0
A46: Total de Remuneração | H46: =SUM(H38:H45) -> 1 | I46: =SUM(I38:I45) -> 1557.1675
A57: II | B57: Encargos Sociais - Grupo II: Obrigações Sociais | H57: % | I57: Valor Mensal/unidade de serviço (R$)
A58: 1 | B58: INSS (art. 22, inc. I, Lei nº 8.212/91) | H58: 0.2 | I58: =$I$46*H58 -> 311.43349
A59: 2 | B59: SESI ou SESC (art. 30, Lei nº 8.036/90) | H59: 0.015 | I59: =$I$46*H59 -> 23.357512
A60: 3 | B60: SENAI ou SENAC (Decreto-Lei nº 2.318/86) | H60: 0.01 | I60: =$I$46*H60 -> 15.571675
A61: 4 | B61: INCRA (art. 15I, Lei Complementar nº 011/71) | H61: 0.002 | I61: =$I$46*H61 -> 3.1143349
A62: 5 | B62: SALÁRIO EDUCAÇÃO (art. , inc. I, Decreto nº 87.043/82) | H62: 0.025 | I62: =$I$46*H62 -> 38.929186
A63: 6 | B63: FGTS (art. 15, Lei nº 8.036/90) | H63: 0.08 | I63: =$I$46*H63 -> 124.5734
A64: 7 | B64: SEG. ACIDENTE DO TRABALHO 1%, 2% e 3% (art. 22, inc. II, alíneas "b" e "c", da Lei nº 8.212/91) | H64: 0.03 | I64: =$I$46*H64 -> 46.715024
A65: 8 | B65: SEBRAE (§ 3º, art. 8º, Lei nº 8.029/90) | H65: 0.006 | I65: =$I$46*H65 -> 9.3430047
A66: Total do Grupo II | H66: =SUM(H58:H65) -> 0.368 | I66: =SUM(I58:I65) -> 573.03762
A67: Os percentuais para o SAT podem variar de 0,50% a 6,00% em função do Fator de Acidente Previdenciário (FAP), Decreto nº 6.957/2009
A68: Deverá obrigatoriamente acompanhar a proposta de preços e a planilha de custos e formação de preços a prova do Fator Acidentário de Prevenção – FAP por meio de impressão de consulta ao site do Ministério da Previdência Social (que pode ser obtido no endereço eletrônico http://www2.dataprev.gov.br/fap/fap.htm), independentemente de alteração da alíquota da parcela do Seguro Acidente de Trabalho disposta no Quadro II da referida planilha.
A69: III | B69: Encargos Sociais - Grupo III: Tempo Não Trabalhado | H69: % | I69: Valor Mensal/unidade de serviço (R$)
A70: 1 | B70: FÉRIAS GOZADAS + ADICIONAL DE FÉRIAS | H70: 0.119314 | I70: =$I$46*H70 -> 185.79188
A71: 2 | B71: FALTAS ABONADAS (3) | H71: 0.020479 | I71: =$I$46*H71 -> 31.889232
A72: 3 | B72: FALTAS LEGAIS (4) | H72: 0.012123 | I72: =$I$46*H72 -> 18.877541
A73: 4 | B73: LICENÇA MATERNIDADE | H73: 0.011436 | I73: =$I$46*H73 -> 17.807767
A74: 5 | B74: LICENÇA PATERNIDADE | H74: 0.000174 | I74: =$I$46*H74 -> 0.27094714
A75: 6 | B75: ACIDENTE DE TRABALHO | H75: 0.000442 | I75: =$I$46*H75 -> 0.68826801
A76: 7 | B76: AVISO PRÉVIO TRABALHADO | H76: 0.000185 | I76: =$I$46*H76 -> 0.28807598
A77: 8 | B77: 13º SALÁRIO | H77: 0.09079 | I77: =$I$46*H77 -> 141.37523
A78: Total do Grupo III | H78: =SUM(H70:H77) -> 0.254943 | I78: =SUM(I70:I77) -> 396.98894
A79: (3) | B79: Faltas Justificadas por Auxílio Doença
A80: (4) | B80: Faltas Legais - Art. 473 CLT
A81: IV | B81: Encargos Sociais - Grupo IV: Indenizações | H81: % | I81: Valor Mensal/unidade de serviço (R$)
A82: 1 | B82: INDENIZAÇÕES | H82: 0.048321 | I82: =$I$46*H82 -> 75.243889
A83: 2 | B83: FGTS SOBRE INDENIZAÇÕES | H83: 0.003511 | I83: =$I$46*H83 -> 5.4672149
A84: 3 | B84: INDENIZAÇÃO COMPENSATÓRIA POR DEMISSÃO SEM JUSTA CAUSA | H84: 0.019328 | I84: =$I$46*H84 -> 30.096933
A85: Total do Grupo IV | H85: =SUM(H82:H84) -> 0.07116 | I85: =SUM(I82:I84) -> 110.80804
A87: V | B87: Encargos Sociais - Grupo V: Incidências | H87: % | I87: Valor Mensal/unidade de serviço (R$)
A88: 1 | B88: INCIDÊNCIA GRUPO II (Obrigações Sociais) X GRUPO III (Tempo Não Trabalhado) | H88: =(H66*H78) -> 0.093819024 | I88: =$I$46*H88 -> 146.09193
A89: Total do Grupo V | H89: =SUM(H88:H88) -> 0.093819024 | I89: =I88 -> 146.09193
A91: TOTAL DOS ENCARGOS SOCIAIS (II + III + IV + V) | H91: =H66+H78+H85+H89 -> 0.78792202 | I91: =I66+I78+I85+I89 -> 1226.9265
A93: VI | B93: Demais custos relativos à Norma Coletiva ou Disposições Legais - Grupo VI | H93: % | I93: Valor Mensal/unidade de serviço (R$)
A94: 1 | B94: Auxílio Alimentação | H94: =I94/$I$46 -> 0 | I94: =I114 -> 0
A95: =A94+1 -> 2 | B95: Auxílio Lanche | H95: =I95/$I$46 -> 0.15529312 | I95: =I110 -> 241.8174
A96: =A95+1 -> 3 | B96: Plano de Saúde | H96: =I96/$I$46 -> 0 | I96: 0
A97: =A96+1 -> 4 | B97: Vale-Transporte⁽⁵⁾ | H97: =I97/$I$46 -> 0.10901864 | I97: =I106 -> 169.76027
A98: =A97+1 -> 5 | B98: Adicional Intervalar | H98: =I98/$I$46 -> 0 | I98: =IF(I28="Não aplicável",0,((I10/H10)*1.5*I28)) -> 0
A99: 6 | B99: Prêmio Assiduidade (quando houver) | H99: =I99/$I$46 -> 0.025687668 | I99: =IF(I21="Não aplicável",0,I21) -> 40
A100: 7 | B100: Plano de Benefício Social Familiar (apenas para a CCT SEEAC/SINDASSEIO) | H100: =I100/$I$46 -> 0.016388732 | I100: =IF(I22="Não aplicável",0,I22) -> 25.52
A101: 8 | B101: Outros | H101: =I101/$I$46 -> 0 | I101: =IF(I23="Não aplicável",0,I23) -> 0
A102: Total do Grupo VI | H102: =SUM(H94:H101) -> 0.30638816 | I102: =SUM(I94:I101) -> 477.09767
A103: (5) | B103: O valor do vale-transporte pode variar de acordo com o modal fornecido pelo empregador.
A104: MEMÓRIA DE CÁLCULO DO VALE TRANSPORTE
A105: Valor Unitário | C105: Dias de Trabalho | D105: Vale p/dia | E105: Custo total | F105: Base de cálculo | G105: Percentual de desconto | H105: Valor desconto | I105: Custo efetivo
A106: =IF(I12="Não aplicável",0,I12) -> 5.5 | C106: =IF(I13="Não aplicável",0,I13) -> 22 | D106: 2 | E106: =A106*C106*D106 -> 242 | F106: =I38 -> 1203.9955 | G106: =IF(I14="Não aplicável",0,I14) -> 0.06 | H106: =F106*G106 -> 72.239727 | I106: =IF((E106-H106)>0,E106-H106,0) -> 169.76027
A108: MEMÓRIA DE CÁLCULO DO VALE LANCHE
A109: Valor Unitário | C109: Dias por mês | D109: Vale p/dia | E109: Custo total | F109: Base de cálculo | G109: Percentual de desconto | H109: Valor desconto | I109: Custo efetivo
A110: =IF(I18="Não aplicável",0,I18) -> 13.57 | C110: =IF(I19="Não aplicável",0,I19) -> 22 | D110: 1 | E110: =A110*C110*D110 -> 298.54 | F110: =E110 -> 298.54 | G110: =IF(I20="Não aplicável",0,I20) -> 0.19 | H110: =F110*G110 -> 56.7226 | I110: =E110-H110 -> 241.8174
A112: MEMÓRIA DE CÁLCULO DO | F112: =A15 -> Auxílio Alimentação
A113: Valor Unitário | C113: Dias por mês | D113: Vale p/dia | E113: Custo total | F113: Base de cálculo | G113: Percentual de desconto | H113: =H105 -> Valor desconto | I113: Custo efetivo
A114: =IF(I15="Não aplicável",0,I15) -> 0 | C114: =IF(I16="Não aplicável",0,I16) -> 0 | D114: 1 | E114: =A114*C114*D114 -> 0 | F114: =E114 -> 0 | G114: =IF(I17="Não aplicável",0,I17) -> 0 | H114: =F114*G114 -> 0 | I114: =E114-H114 -> 0
A116: TOTAL DO MONTANTE A (I + II + III+ IV + V +VI) | H116: =H46+H91+H102 -> 2.0943102 | I116: =I46+I91+I102 -> 3261.1917
A118: MONTANTE B
A119: I | B119: Despesas Diretas | H119: % | I119: Valor Mensal/unidade de serviço (R$)
A120: 1 | B120: Transporte (6) | H120: =I120/$I$131 -> 0 | I120: 0
A121: 2 | B121: Uniformes/EPI (6a) | H121: =I121/$I$131 -> 0 | I121: =IF(F129=10%,G129,0) -> 0
A122: 3 | B122: Seguro de vida | H122: =I122/$I$131 -> 0 | I122: 0
A123: 4 | B123: Materiais/Equipamentos | H123: =I123/$I$131 -> 0 | I123: 0
...

Sheet Manutencao Sao Leopoldo
A1: PLANILHA DE CUSTOS E FORMAÇÃO DE PREÇOS DE SERVIÇOS CONTINUADOS COM DEDICAÇÃO EXCLUSIVA DE MÃO DE OBRA (ANEXO III - DECRETO 52.768 de 15.12.2015)
A2: PROCESSO: | C2: 25/1204-0007566-8 | E2: REGIME DE TRIBUTAÇÃO: LUCRO REAL
A3: LICITAÇÃO/EDITAL | E3: ABERTURA:
A5: Cargo/Função: | D5: Oficial de Manutenção Predial | G5: =IF(D6="12x36","Regime de trabalho:","Quantidade de HORAS/MÊS") -> Quantidade de HORAS/MÊS | I5: =IF(D6="12x36",D6,5*D6) -> 150
A6: =IF(D6="12x36","Regime de trabalho:","Regime de trabalho (horas semanais):") -> Regime de trabalho (horas semanais): | D6: 30
A7: Convenção Coletiva de Trabalho: | D7: RS000041/2026 | G7: INSALUBRIDADE (10%, 20%, 40%) | I7: 0.2
A8: Origem do salário: | D8: CCT
A9: Cidade: | D9: São Leopoldo | G9: PERICULOSIDADE (30%) | I9: Não aplicável
A10: Salário Normativo | G10: Vlr. do salário e nº de horas correspondentes | H10: 220 | I10: 1765.86
A11: ISS | G11: =D9 -> São Leopoldo | H11: Alíquota | I11: 0.05
A12: Tarifa Transporte | G12: CCT | H12: Vr. Unitário | I12: 5.85
H13: Dias | I13: 22
H14: Desconto | I14: 0.06
A15: Auxílio Alimentação | G15: CCT | H15: Vr. Unitário | I15: 0
H16: Dias | I16: 0
H17: Desconto | I17: 0
A18: Auxílio Lanche | G18: CCT | H18: Vr. Unitário | I18: 13.57
H19: Dias | I19: 22
H20: Desconto | I20: 0.19
A21: Prêmio Assiduidade (quando houver) | G21: CCT | H21: Valor mensal | I21: 40
A22: Plano de Benefício Social Familiar (apenas para a CCT SEEAC/SINDASSEIO) | G22: CCT | H22: Valor mensal | I22: 25.52
A23: Outros benefícios que refletem na planilha de custos, caso constem na CCT | G23: CCT | H23: Valor mensal | I23: Não aplicável
A24: Adicional de Supervisor (37%) | H24: Porcentagem | I24: Não aplicável
A25: Base de cálculo da insalubridade | H25: Valor | I25: =I10 -> 1765.86
A26: Quantitativo de horas trabalhadas em feriados no mês (estimado) - Não aplicável para postos 12x36 | H26: Horas por mês | I26: Não aplicável
H27: Acréscimo da hora extra | I27: Não aplicável
A28: Hora Intervalar (somente para postos 12x36, quando for o caso) | H28: Horas por mês | I28: Não aplicável
A29: Sem fornecimento de materiais ou apenas fornecimento de EPIs ou uniformes, utilizar 10%. Com fornecimento de materiais ou equipamentos, utilizar 20%. (Decreto 52.768/2015, alterado pelo Decreto 53.424/2017) | H29: Porcentagem | I29: 0.2
I30: Não aplicável
A36: MONTANTE A
A37: I | B37: Remuneração - Grupo I | H37: % | I37: Valor Mensal/unidade de serviço (R$)
A38: 1 | B38: Salário | H38: =I38/$I$46 -> 0.77319588 | I38: =IF(D6="12x36",I10,I10/H10*I5) -> 1203.9955
A39: =A38+1 -> 2 | B39: Adicional Periculosidade 30% (Ver súmulas 364, 132 e 191 do TST) | H39: =I39/$I$46 -> 0 | I39: =IF(I9=30%,I38*I9,0) -> 0
A40: =A39+1 -> 3 | B40: Adicional Insalubridade 10% (Ver súmula 228 e 139 TST) | H40: =I40/$I$46 -> 0 | I40: =IF(I7=10%,I25*I7,0) -> 0
A41: =A40+1 -> 4 | B41: Adicional Insalubridade 20% (Ver súmula 228 e 139 TST) | H41: =I41/$I$46 -> 0.22680412 | I41: =IF(I7=20%,I25*I7,0) -> 353.172
A42: =A41+1 -> 5 | B42: Adicional Insalubridade 40% (Ver súmula 228 e 139 TST) | H42: =I42/$I$46 -> 0 | I42: =IF(I7=40%,I25*I7,0) -> 0
A43: =A42+1 -> 6 | B43: Adicional de Supervisor (IN 05/2017 MPOG SLTI) | H43: =I43/$I$46 -> 0 | I43: =IF(I24="Não aplicável",0,I38*I24) -> 0
A44: =A43+1 -> 7 | B44: Feriados | H44: =I44/$I$46 -> 0 | I44: =IF(I26="Não aplicável",0,(I38+I39+I40+I41+I42+I43)/I5*I26*(1+I27)) -> 0
A45: =A44+1 -> 8 | B45: DSR = número total das horas extras do mês / número de dias úteis X domingos e feriados do mês X valor da hora extra com acréscimo | H45: =I45/$I$46 -> 0 | I45: =IF(I26="Não aplicável",0,I26/I13*5*(I10/H10*(1+I27))) -> 0
A46: Total de Remuneração | H46: =SUM(H38:H45) -> 1 | I46: =SUM(I38:I45) -> 1557.1675
A57: II | B57: Encargos Sociais - Grupo II: Obrigações Sociais | H57: % | I57: Valor Mensal/unidade de serviço (R$)
A58: 1 | B58: INSS (art. 22, inc. I, Lei nº 8.212/91) | H58: 0.2 | I58: =$I$46*H58 -> 311.43349
A59: 2 | B59: SESI ou SESC (art. 30, Lei nº 8.036/90) | H59: 0.015 | I59: =$I$46*H59 -> 23.357512
A60: 3 | B60: SENAI ou SENAC (Decreto-Lei nº 2.318/86) | H60: 0.01 | I60: =$I$46*H60 -> 15.571675
A61: 4 | B61: INCRA (art. 15I, Lei Complementar nº 011/71) | H61: 0.002 | I61: =$I$46*H61 -> 3.1143349
A62: 5 | B62: SALÁRIO EDUCAÇÃO (art. , inc. I, Decreto nº 87.043/82) | H62: 0.025 | I62: =$I$46*H62 -> 38.929186
A63: 6 | B63: FGTS (art. 15, Lei nº 8.036/90) | H63: 0.08 | I63: =$I$46*H63 -> 124.5734
A64: 7 | B64: SEG. ACIDENTE DO TRABALHO 1%, 2% e 3% (art. 22, inc. II, alíneas "b" e "c", da Lei nº 8.212/91) | H64: 0.03 | I64: =$I$46*H64 -> 46.715024
A65: 8 | B65: SEBRAE (§ 3º, art. 8º, Lei nº 8.029/90) | H65: 0.006 | I65: =$I$46*H65 -> 9.3430047
A66: Total do Grupo II | H66: =SUM(H58:H65) -> 0.368 | I66: =SUM(I58:I65) -> 573.03762
A67: Os percentuais para o SAT podem variar de 0,50% a 6,00% em função do Fator de Acidente Previdenciário (FAP), Decreto nº 6.957/2009
A68: Deverá obrigatoriamente acompanhar a proposta de preços e a planilha de custos e formação de preços a prova do Fator Acidentário de Prevenção – FAP por meio de impressão de consulta ao site do Ministério da Previdência Social (que pode ser obtido no endereço eletrônico http://www2.dataprev.gov.br/fap/fap.htm), independentemente de alteração da alíquota da parcela do Seguro Acidente de Trabalho disposta no Quadro II da referida planilha.
A69: III | B69: Encargos Sociais - Grupo III: Tempo Não Trabalhado | H69: % | I69: Valor Mensal/unidade de serviço (R$)
A70: 1 | B70: FÉRIAS GOZADAS + ADICIONAL DE FÉRIAS | H70: 0.119314 | I70: =$I$46*H70 -> 185.79188
A71: 2 | B71: FALTAS ABONADAS (3) | H71: 0.020479 | I71: =$I$46*H71 -> 31.889232
A72: 3 | B72: FALTAS LEGAIS (4) | H72: 0.012123 | I72: =$I$46*H72 -> 18.877541
A73: 4 | B73: LICENÇA MATERNIDADE | H73: 0.011436 | I73: =$I$46*H73 -> 17.807767
A74: 5 | B74: LICENÇA PATERNIDADE | H74: 0.000174 | I74: =$I$46*H74 -> 0.27094714
A75: 6 | B75: ACIDENTE DE TRABALHO | H75: 0.000442 | I75: =$I$46*H75 -> 0.68826801
A76: 7 | B76: AVISO PRÉVIO TRABALHADO | H76: 0.000185 | I76: =$I$46*H76 -> 0.28807598
A77: 8 | B77: 13º SALÁRIO | H77: 0.09079 | I77: =$I$46*H77 -> 141.37523
A78: Total do Grupo III | H78: =SUM(H70:H77) -> 0.254943 | I78: =SUM(I70:I77) -> 396.98894
A79: (3) | B79: Faltas Justificadas por Auxílio Doença
A80: (4) | B80: Faltas Legais - Art. 473 CLT
A81: IV | B81: Encargos Sociais - Grupo IV: Indenizações | H81: % | I81: Valor Mensal/unidade de serviço (R$)
A82: 1 | B82: INDENIZAÇÕES | H82: 0.048321 | I82: =$I$46*H82 -> 75.243889
A83: 2 | B83: FGTS SOBRE INDENIZAÇÕES | H83: 0.003511 | I83: =$I$46*H83 -> 5.4672149
A84: 3 | B84: INDENIZAÇÃO COMPENSATÓRIA POR DEMISSÃO SEM JUSTA CAUSA | H84: 0.019328 | I84: =$I$46*H84 -> 30.096933
A85: Total do Grupo IV | H85: =SUM(H82:H84) -> 0.07116 | I85: =SUM(I82:I84) -> 110.80804
A87: V | B87: Encargos Sociais - Grupo V: Incidências | H87: % | I87: Valor Mensal/unidade de serviço (R$)
A88: 1 | B88: INCIDÊNCIA GRUPO II (Obrigações Sociais) X GRUPO III (Tempo Não Trabalhado) | H88: =(H66*H78) -> 0.093819024 | I88: =$I$46*H88 -> 146.09193
A89: Total do Grupo V | H89: =SUM(H88:H88) -> 0.093819024 | I89: =I88 -> 146.09193
A91: TOTAL DOS ENCARGOS SOCIAIS (II + III + IV + V) | H91: =H66+H78+H85+H89 -> 0.78792202 | I91: =I66+I78+I85+I89 -> 1226.9265
A93: VI | B93: Demais custos relativos à Norma Coletiva ou Disposições Legais - Grupo VI | H93: % | I93: Valor Mensal/unidade de serviço (R$)
A94: 1 | B94: Auxílio Alimentação | H94: =I94/$I$46 -> 0 | I94: =I114 -> 0
A95: =A94+1 -> 2 | B95: Auxílio Lanche | H95: =I95/$I$46 -> 0.15529312 | I95: =I110 -> 241.8174
A96: =A95+1 -> 3 | B96: Plano de Saúde | H96: =I96/$I$46 -> 0 | I96: 0
A97: =A96+1 -> 4 | B97: Vale-Transporte⁽⁵⁾ | H97: =I97/$I$46 -> 0.11890839 | I97: =I106 -> 185.16027
A98: =A97+1 -> 5 | B98: Adicional Intervalar | H98: =I98/$I$46 -> 0 | I98: =IF(I28="Não aplicável",0,((I10/H10)*1.5*I28)) -> 0
A99: 6 | B99: Prêmio Assiduidade (quando houver) | H99: =I99/$I$46 -> 0.025687668 | I99: =IF(I21="Não aplicável",0,I21) -> 40
A100: 7 | B100: Plano de Benefício Social Familiar (apenas para a CCT SEEAC/SINDASSEIO) | H100: =I100/$I$46 -> 0.016388732 | I100: =IF(I22="Não aplicável",0,I22) -> 25.52
A101: 8 | B101: Outros | H101: =I101/$I$46 -> 0 | I101: =IF(I23="Não aplicável",0,I23) -> 0
A102: Total do Grupo VI | H102: =SUM(H94:H101) -> 0.31627791 | I102: =SUM(I94:I101) -> 492.49767
A103: (5) | B103: O valor do vale-transporte pode variar de acordo com o modal fornecido pelo empregador.
A104: MEMÓRIA DE CÁLCULO DO VALE TRANSPORTE
A105: Valor Unitário | C105: Dias de Trabalho | D105: Vale p/dia | E105: Custo total | F105: Base de cálculo | G105: Percentual de desconto | H105: Valor desconto | I105: Custo efetivo
A106: =IF(I12="Não aplicável",0,I12) -> 5.85 | C106: =IF(I13="Não aplicável",0,I13) -> 22 | D106: 2 | E106: =A106*C106*D106 -> 257.4 | F106: =I38 -> 1203.9955 | G106: =IF(I14="Não aplicável",0,I14) -> 0.06 | H106: =F106*G106 -> 72.239727 | I106: =IF((E106-H106)>0,E106-H106,0) -> 185.16027
A108: MEMÓRIA DE CÁLCULO DO VALE LANCHE
A109: Valor Unitário | C109: Dias por mês | D109: Vale p/dia | E109: Custo total | F109: Base de cálculo | G109: Percentual de desconto | H109: Valor desconto | I109: Custo efetivo
A110: =IF(I18="Não aplicável",0,I18) -> 13.57 | C110: =IF(I19="Não aplicável",0,I19) -> 22 | D110: 1 | E110: =A110*C110*D110 -> 298.54 | F110: =E110 -> 298.54 | G110: =IF(I20="Não aplicável",0,I20) -> 0.19 | H110: =F110*G110 -> 56.7226 | I110: =E110-H110 -> 241.8174
A112: MEMÓRIA DE CÁLCULO DO | F112: =A15 -> Auxílio Alimentação
A113: Valor Unitário | C113: Dias por mês | D113: Vale p/dia | E113: Custo total | F113: Base de cálculo | G113: Percentual de desconto | H113: =H105 -> Valor desconto | I113: Custo efetivo
A114: =IF(I15="Não aplicável",0,I15) -> 0 | C114: =IF(I16="Não aplicável",0,I16) -> 0 | D114: 1 | E114: =A114*C114*D114 -> 0 | F114: =E114 -> 0 | G114: =IF(I17="Não aplicável",0,I17) -> 0 | H114: =F114*G114 -> 0 | I114: =E114-H114 -> 0
A116: TOTAL DO MONTANTE A (I + II + III+ IV + V +VI) | H116: =H46+H91+H102 -> 2.1041999 | I116: =I46+I91+I102 -> 3276.5917
A118: MONTANTE B
A119: I | B119: Despesas Diretas | H119: % | I119: Valor Mensal/unidade de serviço (R$)
A120: 1 | B120: Transporte (6) | H120: =I120/$I$131 -> 0 | I120: 0
A121: 2 | B121: Uniformes/EPI (6a) | H121: =I121/$I$131 -> 0 | I121: =IF(F129=10%,G129,0) -> 0
A122: 3 | B122: Seguro de vida | H122: =I122/$I$131 -> 0 | I122: 0
A123: 4 | B123: Materiais/Equipamentos | H123: =I123/$I$131 -> 0 | I123: 0
...

Sheet Resumo
A1: Lotes | B1: Função | C1: Cidade | D1: Carga Horária | E1: Dias da semana | F1: Nº de Postos | G1: Valor unitário de retenção para a conta vinculada | H1: Valor total de retenção para a conta vinculada | I1: Valor unitário mensal do posto | J1: Valor total mensal
A2: 1 | B2: Oficial de Manutenção Predial | C2: Gravataí | D2: 30 horas | E2: Segunda à sexta | F2: 1 | G2: ='Manutencao Gravatai'!I190 -> 599.54409 | H2: =G2*F2 -> 599.54409 | I2: ='Manutencao Gravatai'!I193 -> 3811.7284 | J2: =F2*I2 -> 3811.7284
A3: 2 | B3: Oficial de Manutenção Predial | C3: Canoas | D3: 30 horas | E3: Segunda à sexta | F3: 1 | G3: ='Manutencao Canoas'!I190 -> 599.54409 | H3: =G3*F3 -> 599.54409 | I3: ='Manutencao Canoas'!I193 -> 3803.139 | J3: =F3*I3 -> 3803.139
A4: 3 | B4: Oficial de Manutenção Predial | C4: São Leopoldo | D4: 30 horas | E4: Segunda à sexta | F4: 1 | G4: ='Manutencao Sao Leopoldo'!I190 -> 599.54409 | H4: =G4*F4 -> 599.54409 | I4: ='Manutencao Sao Leopoldo'!I193 -> 3821.0981 | J4: =F4*I4 -> 3821.0981
H5: =G5*F5 -> 0 | J5: =F5*I5 -> 0
H6: =G6*F6 -> 0 | J6: =F6*I6 -> 0
H7: =G7*F7 -> 0 | J7: =F7*I7 -> 0
H8: =G8*F8 -> 0 | J8: =F8*I8 -> 0
H9: =G9*F9 -> 0 | J9: =F9*I9 -> 0
H10: =G10*F10 -> 0 | J10: =F10*I10 -> 0
H11: =G11*F11 -> 0 | J11: =F11*I11 -> 0
H12: =G12*F12 -> 0 | J12: =F12*I12 -> 0
H13: =G13*F13 -> 0 | J13: =F13*I13 -> 0
H14: =G14*F14 -> 0 | J14: =F14*I14 -> 0
H15: =G15*F15 -> 0 | J15: =F15*I15 -> 0
H16: =G16*F16 -> 0 | J16: =F16*I16 -> 0
... H64: =G64*F64 -> 0 | J64: =F64*I64 -> 0
A66: VALOR MENSAL PARA RETENÇÃO EM CONTA VINCULADA | G66: =SUM(H2:H64) -> 1798.6323 | H66: PORCENTAGEM CORRESPONDENTE EM RELAÇÃO AO VALOR TOTAL PARA RETENÇÃO EM CONTA VINCULADA | J66: =G66/J68 -> 0.15727857
A68: TOTAL DE POSTOS | F68: =SUM(F2:F64) -> 3 | G68: VALOR GLOBAL MENSAL | J68: =SUM(J2:J64) -> 11435.965
